 Dungeon Crawl Stone Soup version 0.30.0-19-g36f170ea60 (webtiles) character file.

Game seed: 2190390732612373936

53 jasper the Grave Robber (level 3, -1/24 HPs)
             Began as a Demonspawn Necromancer on May 26, 2023.
             Shot with a sling bullet by a goblin (5 damage)
             ... led by Robin
             ... on level 2 of the Dungeon.
             The game lasted 00:03:47 (1002 turns).

jasper the Grave Robber (Demonspawn Necromancer)    Turns: 1002, Time: 00:03:47

Health: -1/24      AC:  2    Str:  8    XL:     3   Next: 64%
Magic:  1/6        EV: 11    Int: 18    God:
Gold:   60         SH:  3    Dex: 13    Spells: 2/6 levels left

rFire   . . .        h - +2 dagger (speed)
rCold   . . .        k - +0 buckler
rNeg    . . .        a - +0 robe
rPois   .            (no helmet)
rElec   .            (no cloak)
rCorr   .            (no gloves)
SInv    .            (no boots)
Will    .....        (no amulet)
Stlth   ++           (no ring)
HPRegen 0.24/turn    (no ring)
MPRegen 0.20/turn

%: no passive effects
@: no status effects
A: magic regeneration
a: no special abilities


You were on level 2 of the Dungeon.
You visited 1 branch of the dungeon, and saw 2 of its levels.

You collected 60 gold pieces.

Inventory:

Hand Weapons
 d - a +0 club
 f - a +0 whip
 h - a +2 dagger of speed (weapon)
 j - a -2 spear
Armour
 a - a +0 robe (worn)
 k - a +0 buckler (worn)
Scrolls
 g - a scroll of teleportation
 i - 2 scrolls of amnesia
 m - a scroll of fear {unknown}
 n - a scroll of enchant armour {unknown}
Potions
 b - a potion of magic
 c - 4 potions of curing {unknown}
 e - a potion of might {unknown}
 l - a potion of mutation {unknown}


   Skills:
 - Level 1.7 Dodging
 - Level 1.7 Stealth
 + Level 0.9 Shields
 - Level 2.0 Spellcasting
 + Level 5.7 Necromancy


You had 2 spell levels left.
You knew the following spells:

 Your Spells              Type           Power      Damage    Failure   Level
a - Necrotise             Necr           88%        1d8       2%          1
b - Vampiric Draining     Necr           22%        2d7       9%          3

Your spell library contained the following spells:

 Spells                   Type           Power      Damage    Failure   Level
 Cigotuvi's Dreadful Rot  Necr/Pois/Air  16%        N/A       21%         2
 Animate Dead             Necr           22%        N/A       26%         4
 Agony                    Necr           22%        N/A       58%         5
 Ignite Poison            Fire/Tmut/Pois 1%         N/A       65%         3
 Freezing Cloud           Conj/Ice/Air   0%         6-21      100%        5


Dungeon Overview and Level Annotations

Branches:
Dungeon (2/15)

Altars:

Annotations:
D:2 Robin


Innate Abilities, Weirdness & Mutations

You regenerate magic rapidly.


Message History

The goblin hits you with a +0 club. You block the goblin's attack.
Robin hits your goblin skeleton with a +0 dagger.
You take 4 damage, and have 13/24 hp.
The goblin shoots a sling bullet.
The sling bullet hits your hobgoblin skeleton.
Your hobgoblin skeleton is destroyed!
Your goblin skeleton hits Robin but does no damage.
The goblin barely misses you. Robin attacks as you move away!
Robin barely misses you.
The goblin shoots a sling bullet.
The sling bullet completely misses your goblin skeleton.
The sling bullet closely misses you.
Your goblin skeleton hits Robin.
You block the goblin's attack.
You are too injured to fight recklessly!
Casting: Necrotise (safe; 2% risk of failure)
Confirm with . or Enter, or press ? or * to list all spells.
Aiming: Necrotise (safe; 2% risk of failure)
Press: ? - help, Shift-Dir - straight line, f - goblin
Aim: a goblin, wielding a +0 dagger (heavily wounded, strong, chance to affect: 91%)
The goblin writhes in agony.
You kill the goblin!
The dead are walking!
Robin hits you with a +0 dagger. The goblin barely misses you.
Your goblin skeleton misses the goblin.
You take 4 damage, and have 9/24 hp.
You now have 0/6 mp.
The goblin shoots a sling bullet.
The sling bullet hits you but does no damage.
The goblin no longer looks unusually strong.
The goblin shoots a sling bullet.
The sling bullet hits your goblin skeleton.
Your goblin skeleton closely misses the goblin.
Robin throws the goblin at you! The goblin hits you with a +0 club.
* * * LOW HITPOINT WARNING * * *
You take 6 damage, and have 4/24 hp.
MASSIVE DAMAGE!!
The goblin shoots a sling bullet.
The sling bullet hits your goblin skeleton.
Your goblin skeleton is destroyed!
Your goblin skeleton closely misses Robin.
The goblin closely misses you.
The goblin shoots a sling bullet.
The sling bullet hits you.
You die...

g.).....# ### ........##########
##########.# .......))........#
#..........# ........)g.......#
#.########.# ########.))......#
###........... #...).....#
#.........##.# ..# #)..Z.....#
#.#..####.##.# #.# #.....g...#
#.#..#.......)
####.###.......g@###.#.########.#
...........[.....'............>.#
.................#.##.#########.#
)...............)#.##.# ####'##.#
.................#.##.# #........
............######.##.# #.....###
..######....# ###+##+###.....#..
########...## #........#.....#..
...........# #........####'##..


You could see Robin (ally target), 2 goblins and a friendly goblin skeleton.

Vanquished Creatures
  An adder (D:2)
  A dart slug (D:2)
  3 endoplasms (D:1)
  9 goblins
  4 hobgoblins
  3 jackals (D:2)
  2 kobolds
  4 ball pythons
  5 bats
  A frilled lizard (D:1)
  2 rats
35 creatures vanquished.

Vanquished Creatures (collateral kills)
  3 goblins
3 creatures vanquished.

Grand Total: 38 creatures vanquished

Notes
Turn   | Place    | Note
-------+----------+-------------------------------------------
     0 | D:1      | jasper the Demonspawn Necromancer began the quest for the
                  | Orb.
     0 | D:1      | Reached XP level 1. HP: 13/13 MP: 3/3
   277 | D:1      | Gained mutation: You regenerate magic rapidly. [demonic
                  | ancestry]
   277 | D:1      | Reached XP level 2. HP: 19/19 MP: 1/5
   295 | D:1      | Reached skill level 5 in Necromancy
   653 | D:2      | Found a faded altar of an unknown god.
   702 | D:2      | Reached XP level 3. HP: 24/24 MP: 0/6
   706 | D:2      | Learned a level 3 spell: Vampiric Draining
   979 | D:2      | Noticed Robin
  1002 | D:2      | Shot with a sling bullet by a goblin

Illustrated notes

Levels and vault maps discovered:
D:1:      beargit_arrival_greenhouse, layout_rooms, minmay_tree_intersection,
          amcnicky_mini_rare_corridor_liquid, minmay_misc_feat_chi,
          hangedman_abyss_or_decor_stabs
D:2:      layout_basic, ebering_ecumenical_altar_rust,
          small_statue_intersection, uniq_robin

Skill      XL: |  1  2 |
---------------+-------+-----
Necromancy     | 5 |  5.7
Dodging        | |  1.7
Stealth        | |  1.7
Shields        | |  0.9
Spellcasting   | |  2.0

Action                     || total
---------------------------++-------
  Melee: Unarmed           ||     3
         Club              ||     1
         Dagger            ||     4
   Cast: Necrotise         ||    62
    Use: Scroll            ||     2
 Armour: Robe              ||     4
  Dodge: Dodged            ||    24
  Block: Buckler           ||     6
